 Dungeon Crawl Stone Soup version 0.27-a0-1200-g94dc6ad4cf (webtiles) character file.

Game seed: 8663081953745214631

219 Shayle the Skirmisher (level 5, -2/57 HPs)
             Began as an Ogre Warper on June 1, 2021.
             Slain by an orc wizard
             ... wielding a +0 dagger
              (3 damage)
             ... on level 4 of the Dungeon.
             The game lasted 00:10:33 (5457 turns).

Shayle the Skirmisher (Ogre Warper)                 Turns: 5457, Time: 00:10:34

Health: -2/57      AC:  3    Str: 15    XL:     5   Next: 96%
Magic:  9/9        EV:  9    Int: 15    God:
Gold:   140        SH:  0    Dex:  8    Spells: 0/10 levels left

rFire    . . .     SeeInvis .   f - +0 trident
rCold    . . .     Faith    .   (no shield)
rNeg     . . .     Spirit   .   b - +0 robe
rPois    .         Reflect  .   (helmet restricted)
rElec    .         Harm     .   (no cloak)
rCorr    .         Rampage  .   (gloves unavailable)
Will     .....                  (boots unavailable)
Stlth    +.........             (no amulet)
HPRegen  0.19/turn              (no ring)
MPRegen  0.11/turn              (no ring)

@: no status effects
A: large, unfitting armour, tough skin 1
a: no special abilities


You were on level 4 of the Dungeon.
You visited 1 branch of the dungeon, and saw 4 of its levels.

You collected 140 gold pieces.

Inventory:

Hand Weapons
 a - a +0 mace
 f - a +0 trident (weapon)
Missiles
 e - 4 boomerangs of dispersal (quivered)
Armour
 b - a +0 robe (worn)
Scrolls
 c - a scroll of summoning {unknown}
 d - a scroll of blinking
 g - a scroll of enchant armour
 h - a scroll of teleportation {unknown}
 j - a scroll of fear
 m - a scroll of acquirement {unknown}
 n - a scroll of noise {unknown}
Potions
 i - a potion of magic
 l - a potion of cancellation


   Skills:
 + Level 5.2 Fighting
 + Level 3.4 Maces & Flails
 - Level 1.0 Throwing
 - Level 2.1 Dodging
 + Level 3.2 Spellcasting
 + Level 3.3 Translocations


You couldn't memorise any spells.
You knew the following spells:

 Your Spells              Type           Power      Damage    Failure   Level
a - Blink                 Tloc           N/A        N/A       8%          2
b - Teleport Other        Tloc           12%        N/A       16%         3
c - Manifold Assault      Tloc           12%        N/A       80%         5

Your spell library contained the following spells:

 Spells                   Type           Power      Damage    Failure   Level
 Apportation              Tloc           24%        N/A       4%          1
 Gell's Gravitas          Tloc           6%         N/A       16%         3
 Lesser Beckoning         Tloc           6%         N/A       16%         3
 Animate Skeleton         Necr           4%         N/A       21%         1
 Corona                   Hex            2%         N/A       21%         1
 Summon Small Mammal      Summ           8%         N/A       21%         1


Dungeon Overview and Level Annotations

Branches:
Dungeon (4/15)
 Temple: D:4-7

Altars:
Ashenzari
Gozag
Okawaru
Sif Muna
Trog
The Shining One


Innate Abilities, Weirdness & Mutations

You are too large for most types of armour.
You have tough skin. (AC +1)


Message History

The orc priest is moderately wounded.
The orc priest invokes the aid of Beogh against you.
Beogh smites you! The orc closely misses you.
The orc priest calls upon Beogh to heal the orc priest.
The orc priest's wounds heal themselves!
The orc wizard hits you with a +0 dagger.
The orc priest calls down the wrath of Beogh upon you.
Pain shoots through your body! The orc hits you with a +0 dagger.
* * * LOW HITPOINT WARNING * * *
Unknown command.
You feel better. The orc priest completely misses you.
The orc wizard casts a spell at itself.
The orc wizard flickers and vanishes!
Deactivating autopickup; reactivate with Ctrl-A.
The orc priest barely misses you. The orc hits you but does no damage.
Unknown command.
You hit the orc priest.
The orc priest is moderately wounded.
The orc priest hits you with a +0 dagger.
Something hits you.
The orc priest calls upon Beogh to heal the orc.
The orc's wounds heal themselves!
The orc closely misses you.
Unknown command.
You barely miss the orc priest.
The orc priest invokes the aid of Beogh against you.
Beogh smites you!
* * * LOW HITPOINT WARNING * * *
Something hits you but does no damage.
The orc priest mumbles some strange prayers to Beogh against you.
You struggle to resist.
The orc barely misses you.
The orc priest hits you with a +0 dagger.
* * * LOW HITPOINT WARNING * * *
Something hits you but does no damage.
You closely miss the orc priest.
The orc priest hits you with a +0 hand axe.
* * * LOW HITPOINT WARNING * * *
The orc hits you with a +0 dagger.
* * * LOW HITPOINT WARNING * * *
Something hits you.
You die...

....#..#.....#...#,,*,,,,*,,,,*,,
....#..'.....#...#,,*,,,,*,,,,*,,
....#..#.....#...#,,+,,,,*,,,,*,,
....#..#.....#...#,,*,,,,*....#,,
##.#####.....#####+#######....##*
##.##.................>.........,
....#...........................,
....#...........o{.............,,
....#...........@oJ............,,
#####............o.........#***##
,.........##########<).....#,,,..
,.........#........+.......#,,,..
,.........#........#.......+,,,..
,.........#####..###.....o.######
*#####........#..#####..........o
*,,,,#........#......#..........o
*,,,,#........'......#...........


You could see 2 orc priests, an orc and an endoplasm.

Vanquished Creatures
  A phantom (D:3)
  A hound (D:4)
  A hound skeleton (D:4)
  2 adders
  2 adder skeletons (D:4)
  2 worms (D:3)
  2 dart slugs
  2 orcs (D:3)
  6 endoplasms
  5 giant cockroaches (D:1)
  7 goblins
  4 hobgoblins
  3 jackals (D:3)
  5 quokkas
  3 ball pythons
  4 bats
  2 frilled lizards (D:1)
  7 kobolds
  A rat (D:3)
60 creatures vanquished.

Notes
Turn   | Place    | Note
-------+----------+-------------------------------------------
     0 | D:1      | Shayle the Ogre Warper began the quest for the Orb.
     0 | D:1      | Reached XP level 1. HP: 22/22 MP: 3/3
   234 | D:1      | Reached skill level 3 in Fighting
   257 | D:1      | Reached XP level 2. HP: 26/31 MP: 5/5
  1112 | D:1      | Reached XP level 3. HP: 39/39 MP: 6/6
  1425 | D:2      | You fall into a shaft and drop 1 floor!
  1459 | D:3      | Reached skill level 4 in Fighting
  2933 | D:3      | Reached XP level 4. HP: 49/49 MP: 7/7
  2967 | D:3      | Learned a level 2 spell: Blink
  2971 | D:3      | Learned a level 3 spell: Teleport Other
  3412 | D:3      | Noticed a phantom
  3519 | D:3      | Found an iron altar of Okawaru.
  3519 | D:3      | Found a glowing golden altar of the Shining One.
  3525 | D:3      | Found a broken altar of Ashenzari.
  3532 | D:3      | Found an opulent altar of Gozag.
  3532 | D:3      | Found a shimmering blue altar of Sif Muna.
  3618 | D:3      | Killed a phantom
  3619 | D:3      | Reached XP level 5. HP: 11/55 MP: 7/9
  4028 | D:3      | Found a bloodstained altar of Trog.
  4752 | D:4      | Reached skill level 5 in Fighting
  5436 | D:4      | Learned a level 5 spell: Manifold Assault
  5457 | D:4      | HP: 1/57 [orc/+0 dagger (3)]
  5457 | D:4      | Slain by an orc wizard

Illustrated notes

Levels and vault maps discovered:
D:1:      wander_arrival_chamber, layout_basic, minmay_indecisive_spiral
D:2:      layout_basic
D:3:      layout_basic, trog_antimagical, minmay_overflow_temple_star_hex
D:4:      layout_gridville

Skill      XL: |  1  2  3  4  5 |
---------------+----------------+-----
Fighting       | 3 4 5 |  5.2
Maces & Flails | 2 3 |  3.4
Translocations | 3 |  3.3
Spellcasting   | 3 |  3.2
Throwing       | |  1.0
Dodging        | |  2.1

Action                   |  1- 3 |  4- 6 || total
-------------------------+-------+-------++-------
Melee: Trident           |   171 |   133 ||   304
Throw: Boomerang         |     1 |       ||     1
 Cast: Teleport Other    |       |     1 ||     1
  Use: Potion            |       |     4 ||     4
       Scroll            |       |     6 ||     6
Armor: Robe              |    84 |    50 ||   134
Dodge: Dodged            |   114 |    86 ||   200

Table legend: (Time is in decaauts)
 A = Elapsed time spent in this place.
 B = Non-inter-level travel time spent in this place.
 C = Inter-level travel time spent in this place.
 D = Time resting spent in this place.
 E = Time spent auto-exploring this place.
 F = Levels seen in this place.
 G = Mean time per level.
                   A        B        C        D        E       F      G
               +--------+--------+--------+--------+--------+-----+--------+
         Total |   5566 |   5363 |    203 |   1166 |   3283 |   4 | 1391.5 |
       Dungeon |   5566 |   5363 |    203 |   1166 |   3283 |   4 | 1391.5 |
               +--------+--------+--------+--------+--------+-----+--------+

Top non-repeatable levels by time:
     D:3: 2164 daAuts
     D:1: 1379 daAuts
     D:4: 1075 daAuts
     D:2: 947 daAuts
